Map: Port Aleksander LE

Players

zuka - Winner!

  • Race: Terran Terran
  • League: Master
  • Spawn Location: 11:00

A.I. 1 (Very Easy)

  • Race: Protoss Protoss
  • Spawn Location: 5:00

VOD

Have the link to the VOD?

Description

Time

  • Played on: Jan. 9, 2019, 11:54 a.m.
  • Length: 13:00
Show
View Real Time Build Order
Export as new Build Order

zuka Terran - Winner!

Build Orders: Reaper Expand 

Get SALT Encoding   

  12  0:01  SCV  
  13  0:13  SCV  
  14  0:18  Supply Depot  
  14  0:25  SCV  
  15  0:40  Barracks, SCV  
  16  0:45  Refinery  
  16  0:52  SCV  
  18  1:04  SCV  
  18  1:16  SCV  
  19  1:28  Reaper  
  19  1:29  Orbital Command  
  20  1:46  Command Center  
  20  1:55  SCV  
  20  2:00  Marine  
  22  2:03  Supply Depot  
  22  2:07  SCV  
  23  2:16  Factory  
  23  2:23  Refinery  
  23  2:24  SCV  
  23  2:26  Barracks Reactor  
  24  2:36  SCV  
  25  2:43  Bunker  
  25  2:48  SCV  
  26  2:59  Orbital Command  
  26  3:00  SCV  
  26  3:04  Marine x2  
  29  3:07  Factory Tech Lab  
  29  3:13  SCV  
  30  3:25  SCV x2  
  32  3:28  Cyclone  
  32  3:31  Starport  
  35  3:36  Marine  
  35  3:37  SCV x2  
  35  3:38  Refinery  
  38  3:43  Refinery  
  38  3:49  SCV x2, Supply Depot  
  40  4:00  Siege Tank  
  40  4:01  SCV  
  40  4:02  SCV  
  45  4:10  Starport Tech Lab  
  45  4:11  Supply Depot  
  45  4:13  SCV  
  46  4:17  SCV, Supply Depot  
  47  4:25  SCV  
  47  4:29  SCV  
  47  4:30  Cloaking Field  
  49  4:31  Banshee  
  49  4:37  SCV  
  53  4:39  Supply Depot  
  53  4:43  Siege Tank  
  53  4:44  SCV  
  57  4:52  SCV  
  58  4:56  Fusion Core  
  58  4:58  SCV  
  59  5:03  Starport  
  59  5:06  SCV  
  60  5:10  SCV  
  60  5:13  Supply Depot  
  61  5:14  Banshee  
  65  5:21  SCV  
  65  5:22  SCV  
  66  5:33  SCV  
  67  5:39  Starport Tech Lab  
  67  5:46  Command Center  
  67  5:54  SCV x2  
  69  5:57  Battlecruiser  
  69  5:58  Engineering Bay  
  75  6:06  Battlecruiser, SCV  
  75  6:11  Supply Depot  
  82  6:13  SCV  
  82  6:18  SCV  
  84  6:21  Supply Depot  
  84  6:25  SCV  
  85  6:31  Armory  
  85  6:33  SCV  
  85  6:34  Armory  
  85  6:37  SCV  
  87  6:51  Supply Depot  
  87  6:58  Supply Depot  
  87  7:02  Battlecruiser  
  87  7:06  Refinery  
  93  7:09  Refinery  
  93  7:11  Battlecruiser, SCV x2  
  93  7:15  Supply Depot  
  101  7:17  Supply Depot  
  101  7:26  Planetary Fortress  
  100  7:43  Terran Vehicle And Ship Armor Level 1, Terran Ship Weapons Level 1  
  100  7:49  Drilling Claws  
  100  7:53  SCV x2  
  102  8:05  SCV  
  103  8:07  SCV  
  103  8:08  SCV  
  103  8:09  Battlecruiser  
  111  8:15  Supply Depot  
  111  8:19  Sensor Tower  
  111  8:27  Supply Depot  
  111  8:32  Battlecruiser  
  117  8:44  Starport  
  117  8:47  Widow Mine  
  119  8:48  Command Center  
  119  9:01  Refinery  
  119  9:07  Starport  
  119  9:09  Refinery  
  121  9:11  SCV x3  
  121  9:13  Battlecruiser  
  128  9:23  SCV x2  
  130  9:36  Battlecruiser  
  136  9:42  Terran Vehicle And Ship Armor Level 2  
  136  9:43  Terran Ship Weapons Level 2  
  136  9:45  Starport Tech Lab  
  136  9:53  SCV x3  
  139  10:05  SCV x2  
  139  10:06  Battlecruiser  
  147  10:19  Battlecruiser  
  153  10:23  Widow Mine x2  
  157  10:30  Supply Depot  
  157  10:37  Sensor Tower, Planetary Fortress  
  157  10:44  Widow Mine x2  
  161  10:51  Battlecruiser  
  167  10:58  Starport Tech Lab  
  167  11:06  Widow Mine x2  
  171  11:13  Battlecruiser  
  177  11:22  Battlecruiser  
  183  11:27  Widow Mine x2  
  187  11:44  Battlecruiser  
  193  11:48  Widow Mine  
  193  11:49  Widow Mine  
  193  11:53  Weapon Refit  
Show
View Real Time Build Order
Export as new Build Order

A.I. 1 (Very Easy) Protoss 

Build Orders:  

Get SALT Encoding   

  12  0:00  Probe  
  13  0:13  Probe  
  14  0:22  Pylon  
  14  0:37  Assimilator  
  14  0:45  Gateway  
  14  0:49  Pylon  
  14  1:18  Assimilator  
  14  1:28  Probe  
  15  1:33  Zealot  
  15  1:36  Cybernetics Core, Probe  
  17  1:44  Probe  
  19  1:54  Probe  
  20  2:02  Warp Gate  
  20  2:03  Probe  
  21  2:11  Probe  
  22  2:49  Stalker  
  24  6:41  Probe  
  24  6:43  Stalker  
  24  6:46  Pylon  
  23  6:50  Probe  
  23  6:58  Probe  
  23  7:06  Probe  
  24  7:12  Zealot  
  24  7:14  Probe  
  27  7:22  Probe  
  28  7:27  Robotics Facility  
  28  7:28  Pylon  
  29  7:33  Probe  
  29  7:34  Nexus  
  30  7:40  Stalker  
  32  7:45  Probe  
  33  7:57  Probe  
  34  8:09  Observer  
  26  8:27  Observer  
  27  8:38  Adept  
  29  8:45  Probe  
  30  8:54  Probe  
  31  8:55  Assimilator  
  31  8:57  Probe  
  31  8:59  Assimilator  
  32  9:08  Probe  
  33  9:12  Probe  
  34  9:23  Probe  
  35  9:26  Probe  
  36  9:35  Zealot  
  36  9:37  Probe  
  39  9:44  Probe  
  40  9:51  Probe  
  41  9:59  Probe  
  42  10:06  Probe  
  43  10:11  Probe  
  44  10:20  Probe  
  45  10:24  Probe  
  46  10:35  Probe  
  47  10:42  Probe  
  48  12:19  Stalker  
  41  12:30  Probe  
  41  12:36  Pylon  
  20  12:45  Pylon  
Tags
 
Add a new tag
Caveats
  • Supply blocks, unpowered buildings, or Contaminate may cause inaccurate times.
  • Supply counts are checked every 10 seconds.